[Event "Marcel Invitational Chess-ch 2022"]
[Site "Dhaka"]
[Date "2022.04.26"]
[Round "8.5"]
[White "Hossain, Showkat Pollab"]
[Black "Islam, Khandaker Aminul"]
[Result "1-0"]
[ECO "C54"]
[WhiteElo "1979"]
[BlackElo "2153"]
[Annotator "TA"]
[PlyCount "193"]
[EventDate "2022.04.18"]
[EventCountry "BAN"]
[SourceTitle "playchess.com"]
[Source "ChessBase"]
[SourceQuality "1"]
[TimeControl "5400+30"]

1. e4 e5 2. Nf3 Nc6 3. Bc4 Bc5 4. c3 Nf6 5. d3 d6 6. h3 h6 7. a4 {[%emt 0:00:19] C54: Giuoco Piano: 4 c3 Nf6, main lines with 5 d4 and 5 d3.} a5 {[%emt 0:00:11] Inhibits b4.} 8. Nbd2 Be6 {[%emt 0:01:53] [#]} 9. Qb3 $146 {[%emt 0:02:29] The position is equal.} ({Predecessor:} 9. Bb5 O-O 10. Bxc6 bxc6 11. O-O Qd7 12. Nh2 Nh7 13. Ndf3 f5 14. exf5 Bxf5 15. d4 exd4 16. cxd4 {0-1 (54) Damborsky,P (1772)-Smrek,P (1831) Slovakia 2015}) 9... Qc8 10. Nf1 Bxc4 11. Qxc4 Qe6 {[%emt 0:01:14] Strongly threatening ...Qxc4.} 12. Ne3 Bxe3 13. Qxe6+ fxe6 14. Bxe3 d5 15. exd5 exd5 16. O-O Nd7 17. d4 e4 18. Nd2 O-O-O 19. Rae1 Rde8 20. b3 Re7 21. Rb1 Nb6 22. Rfe1 Rf8 23. Nf1 Ref7 24. Re2 Nd8 25. Ng3 Ne6 26. Rc2 Kd7 27. c4 c6 28. c5 ({Better is} 28. cxd5 $14 Nxd5 29. Nxe4) 28... Na8 $11 29. Ne2 Nac7 30. b4 axb4 31. Rxb4 Ra8 32. Rcb2 Ra7 33. g3 Kc8 34. Nc3 Ne8 35. Ra2 Ra5 36. Ne2 N8c7 (36... g5 {is more complex.} 37. Kg2 h5 38. Ra1 N8g7) 37. Bd2 Ra7 38. a5 (38. h4 $11) 38... Rf3 39. Be3 Nb5 40. Kg2 Rf8 (40... g5 $15) 41. h4 Kd7 42. Ra1 Rfa8 43. Rba4 Ke7 44. Nf4 Nbc7 45. Ng6+ Ke8 46. Bd2 Nb5 47. Be3 Kd7 48. Nf4 Nxf4+ 49. Bxf4 Ke6 50. Bd2 Ra6 51. f3 exf3+ 52. Kxf3 Rf8+ 53. Kg2 (53. Kg4 $1 $14) 53... Kd7 54. Re1 Raa8 55. Bf4 Rf7 (55... h5 $11 {keeps the balance.}) 56. h5 $1 $16 {[%emt 0:01:07] &Bianco is more active.} Re7 (56... Nc3 $14 57. Rb4 Nb5) 57. Rxe7+ $1 $18 Kxe7 {[%emt 0:00:01][%mdl 4096] Endgame KRB-KRN} 58. Be5 Kf7 59. Ra2 Kg8 (59... Nc3 $16 60. Ra3 Nb5) 60. Kh3 Nc3 61. Rb2 $2 ({White should try} 61. Ra3 $18) 61... Nb5 $11 62. Ra2 {[%emt 0:00:08] Kg4 is the strong threat.} Ra7 $2 (62... Nc3 $1 $11 63. Ra3 (63. Rb2 Nb5 $16) 63... Ne4) 63. Bb8 $2 (63. Kg4 $18) 63... Ra6 $2 (63... Ra8 $11 {and Black has nothing to worry.} 64. Be5) 64. Be5 $2 ({White must play} 64. Ra4 $1 $18) 64... Ra8 $2 (64... Ra7 $1 $11) 65. Kh4 $18 Kh7 (65... Re8 {was necessary.}) 66. Rf2 {[%emt 0:01:25] And now Rf7 would win.} Kg8 {[%emt 0:00:15] Against Rf7} 67. Ra2 $2 (67. Rf4 $1 $18 ) 67... Ra6 $2 (67... Kh7 $11) 68. g4 Ra7 69. Rg2 {[%emt 0:00:59] Hoping for g5.} Rxa5 70. g5 {[%emt 0:00:08] White threatens gxh6 and mate.} Kf8 71. Rf2+ Kg8 {[%emt 0:00:07] [#]} 72. g6 $1 Nc3 73. Rf7 Ne4 74. Rxg7+ Kf8 75. Rxb7 Ra8 76. Rh7 Ra1 77. Rf7+ (77. Rd7 $142 Ke8 78. Rc7 Rg1 79. g7 Nf6 80. Rxc6 (80. Bxf6 Rg4+ 81. Kh3 Rg3+ 82. Kh2 Rg2+ 83. Kh1 Rg1+ 84. Kh2 Rg2+ 85. Kh3 Rg3+ 86. Kh4 Rg4+ 87. Kxg4 $11) 80... Rh1+ 81. Kg3 Nxh5+ 82. Kg2 Nxg7 83. Kxh1) 77... Ke8 78. Rf3 (78. Rc7 $142 Rg1 79. g7) 78... Rh1+ 79. Kg4 Rg1+ 80. Bg3 Nxg3 81. Rxg3 {[%emt 0:00:12] KR-KR} Rd1 82. Kf5 Kf8 83. Rf3 Ke7 84. Re3+ Kf8 85. Ke5 (85. Re6 $142 Rxd4 86. Rxc6 Rc4 87. Kf6 Rf4+ 88. Ke5 Re4+ 89. Kxd5 Rh4 90. Rf6+ Kg8 91. Rf5) 85... Rh1 86. Rf3+ Ke7 87. Rf7+ Ke8 88. Ra7 Kf8 89. Kf6 Rf1+ {[%emt 0:00:04] [#]} 90. Ke6 $1 Rh1 91. g7+ Kg8 92. Kd6 (92. Rc7 $142 Re1+ 93. Kd7) 92... Rh4 93. Kxc6 {[%emt 0:00:00] White mates.} Rxd4 94. Rd7 Rh4 95. Rxd5 Kxg7 96. Kd7 Ra4 97. c6 {[%emt 0:00:07] Weighted Error Value: White=0.11 (very precise) /Black=0.18 (very precise)} 1-0

[Event "Marcel Invitational Chess-ch 2022"]
[Site "Dhaka"]
[Date "2022.04.26"]
[Round "8.6"]
[White "Jamal Uddin"]
[Black "Mukitul, Islam Ripon"]
[Result "0-1"]
[ECO "D00"]
[WhiteElo "2106"]
[BlackElo "1983"]
[Annotator "TA"]
[PlyCount "76"]
[EventDate "2022.04.18"]
[EventCountry "BAN"]
[SourceTitle "playchess.com"]
[Source "ChessBase"]
[SourceQuality "1"]
[TimeControl "5400+30"]

1. d4 d5 2. Bf4 Bf5 3. e3 e6 4. Nd2 Bd6 5. Bxd6 Qxd6 6. c4 {[%emt 0:00:25] [#] D00: 1 d4 d5: Unusual lines.} c6 $146 ({Predecessor:} 6... Nf6 7. Ngf3 O-O 8. c5 Qe7 9. Be2 Nc6 10. O-O e5 11. dxe5 Nxe5 12. b4 c6 13. Nxe5 Qxe5 {1-0 (47) Esteban Amo,J-Balana Romero,R (1877) ICCF email 2018}) 7. Qb3 Qe7 8. Ngf3 {[%emt 0:00:43] White has an edge.} h6 9. Be2 Nf6 10. Ne5 O-O 11. O-O Qc7 12. Rac1 Nbd7 13. f4 Rab8 14. Bf3 Qd6 15. g4 Bh7 16. h4 Ne4 {[%emt 0:00:40] Prevents Rf2.} 17. Nxe4 dxe4 18. Bg2 (18. Be2 $14) 18... f6 {[%emt 0:00:00] [#]} (18... Nxe5 $11 19. dxe5 (19. fxe5 Qd8 $15) 19... Qe7) 19. c5 $1 $14 Qe7 {[%emt 0:00:30] [#]} 20. Nxd7 (20. Nc4 $1 $16) 20... Qxd7 $11 21. f5 Qd5 (21... Rbe8 $11) 22. Rf4 $14 exf5 (22... Rfe8 $142) 23. gxf5 $16 Kh8 24. Bxe4 Qd8 25. Qc2 {[%emt 0:00:00] 0x0.001b374052dedp-1022s more active pieces.} Re8 26. Qg2 ({White should try} 26. Qf2 $16) 26... Qe7 ({Black should play} 26... Re7 $14) 27. Re1 Rbd8 28. b3 Qc7 {[%emt 0:00:00][%cal Od8d4] White must now prevent ...Rxd4!} 29. Qg3 $2 {[%emt 0:00:00][%mdl 8192] [#] Loses the game.} (29. Qf2 $16) 29... Rxe4 $1 $19 {[%emt 0:00:00][%mdl 576] Pin. Black is clearly winning.} 30. Kh2 (30. Qf3 Qxf4) 30... Rde8 {[%emt 0:00:00][%cal Oc7f4,Bd8e8,Be8e4,Be4h4][%mdl 32] Hoping for ...Qxf4!} 31. Rxe4 Qxg3+ 32. Kxg3 Rxe4 {[%emt 0:00:00][%mdl 4096] Endgame KRB-KR} 33. Kf3 Bxf5 34. h5 Kg8 35. b4 a6 36. a4 Kf7 37. Ra1 Rh4 38. b5 Rxh5 {[%emt 0:02:30] Weighted Error Value: White=0.56/Black=0.28 (precise)} 0-1

[Event "Marcel Invitational Chess-ch 2022"]
[Site "Dhaka"]
[Date "2022.04.27"]
[Round "9.2"]
[White "Manon, Reja Neer"]
[Black "Hossain, Showkat Pollab"]
[Result "0-1"]
[ECO "B01"]
[WhiteElo "2209"]
[BlackElo "1979"]
[Annotator "TA"]
[PlyCount "82"]
[EventDate "2022.04.18"]
[EventCountry "BAN"]
[SourceTitle "playchess.com"]
[Source "ChessBase"]
[SourceQuality "1"]
[TimeControl "5400+30"]

1. e4 d5 2. exd5 Qxd5 3. d4 Nf6 4. Nf3 c6 5. Be2 g6 6. O-O {[%emt 0:00:24] B01: Scandinavian Defence.} Bg7 7. c4 Qd6 8. Nc3 {[%emt 0:00:27] White is better.} O-O 9. h3 Bf5 10. Be3 Ne4 11. Nxe4 Bxe4 12. Qb3 {[%emt 0:00:05] Threatens to win with Ng5.} Qc7 13. Rfd1 {[%emt 0:05:13] [#]} (13. Ng5 {feels hotter.} Bf5 14. Rad1 Na6 15. Bf3) 13... Bf5 $146 ({Predecessor:} 13... Bxf3 14. Bxf3 Nd7 15. Rac1 Rfe8 16. Rc2 e5 17. d5 e4 18. Bg4 f5 19. d6 Qd8 {1-0 (36) Hansen,T (2450)-Onkoud,A (2383) Tromsoe 2014}) 14. Rac1 b6 15. Qa3 a5 16. Qb3 ({White should play} 16. b4 $16) 16... Na6 17. Rd2 Rfd8 18. Qd1 Qb7 19. g4 Bd7 20. Ne5 Be8 21. f4 Rac8 22. Bf3 Qc7 23. Qe2 c5 24. Qf2 $2 (24. d5 $1 $16) 24... cxd4 $1 $17 25. Bxd4 Nc5 $1 26. Re1 {[%emt 0:00:00] [#]} Ne6 $1 ({Much worse is} 26... f6 $6 27. Nd3 $11) 27. Be3 Bxe5 (27... Rxd2 {is interesting.} 28. Qxd2 g5 29. b3 Rd8) 28. Rxd8 Rxd8 29. fxe5 Qxc4 30. Bxb6 Nf4 31. Kh2 {[%emt 0:03:25] [#]} (31. Qc5 $15 Nxh3+ 32. Kh1 Qxc5 33. Bxc5) 31... Nd3 $1 $19 32. Be2 (32. Qe3 Nxe1) 32... Qxa2 33. Qe3 (33. Bxd3 Rxd3 34. Re3) 33... Nxe1 34. Bxd8 Qd5 {[%emt 0:00:00][%csl Ge1][%cal Rd5g2] Inhibits Qd2.} 35. Qf2 {[%emt 0:00:58] Inhibits Qg2+.} Qxe5+ (35... Qxd8 $142 36. Qxe1 Qd4) 36. Kg1 Nc2 ({Avoid the trap} 36... Qxb2 $2 37. Bxa5 Nc2 38. Bf1 $19) 37. Bb6 a4 38. Bd3 (38. Ba7 $17 {only move.}) 38... Nb4 ({And not} 38... Qxb2 39. Bxc2 a3 40. Be4 Qc1+ 41. Kg2 $17) 39. Bc4 Qe4 40. Qc5 {[%emt 0:00:39][%mdl 8192] [#]} (40. Qe2 $17 Qxe2 41. Bxe2) 40... Bc6 $1 41. Kf1 Nc2 {[%emt 0:00:00] Weighted Error Value: White=0.53/Black=0.23 (precise)} 0-1

[Event "Marcel Invitational Chess-ch 2022"]
[Site "Dhaka"]
[Date "2022.04.27"]
[Round "9.3"]
[White "Mukitul, Islam Ripon"]
[Black "Anata, Choudhury"]
[Result "0-1"]
[ECO "B59"]
[WhiteElo "1983"]
[BlackElo "2170"]
[Annotator "TA"]
[PlyCount "122"]
[EventDate "2022.04.18"]
[EventCountry "BAN"]
[SourceTitle "playchess.com"]
[Source "ChessBase"]
[SourceQuality "1"]
[TimeControl "5400+30"]

1. e4 c5 2. Nf3 d6 3. d4 cxd4 4. Nxd4 Nf6 5. Nc3 Nc6 6. Be2 e5 7. Nb3 Be7 8. Be3 O-O 9. O-O a5 10. a4 Nb4 11. Bf3 Be6 12. Qd2 Rc8 {[%emt 0:01:33] B59: Classical Sicilian: 6 Be2 e5 7 Nb3.} 13. Rfd1 Qc7 14. Rac1 b6 $1 {[%emt 0:00:21] [#] Black is slightly better.} 15. h3 $146 ({Predecessor:} 15. Bg5 Rfd8 16. Bxf6 Bxf6 17. Na1 h6 18. Rb1 Bg5 19. Qe1 Qc6 20. g3 Rd7 21. h4 {0-1 (61) Tkachova,A (1993)-Osmanodja,F (2011) Dresden 2011}) 15... Rfd8 16. Na1 d5 {[%emt 0:03:51] White must now prevent ...dxe4. &Nero is more active.} 17. exd5 Nfxd5 18. Nxd5 Nxd5 19. Bxd5 Bxd5 20. Qe2 f5 (20... Bc6 $17 21. Rxd8+ Rxd8) 21. f3 (21. Qb5 $15 Qb7 22. Bxb6) 21... Bc4 $17 {[%emt 0:20:09] This bishop pair is nice.} 22. Qf2 Rb8 23. Qe1 (23. Rxd8+ $15 Qxd8 24. f4) 23... Bd5 24. c4 Bc6 (24... Bxc4 25. Rxd8+ Rxd8 26. b3 $16) 25. b3 (25. Rxd8+ $15 Qxd8 26. b3) 25... Ba3 (25... e4 $19 26. f4 Rd3) 26. Rxd8+ $1 $15 Rxd8 27. Rd1 Re8 28. Nc2 Be7 29. Qf2 Rb8 30. Qe2 Bf8 31. Kh1 Qb7 32. Bg5 (32. Bc1 $11) 32... h6 ({Better is} 32... Re8 $1 $15) 33. Bh4 (33. Bc1 $11) 33... g5 (33... Re8 $15) 34. Be1 Re8 35. Ne3 $1 e4 36. Nd5 {[%emt 0:01:14] Nf6+ is the strong threat.} Bg7 {[%emt 0:00:13] Prevents Nf6+.} (36... Qf7 $11) 37. fxe4 $1 $14 Rxe4 38. Qf3 Qf7 39. Bc3 {[%emt 0:01:00] Against Bd4} (39. Bf2 $1 $16) 39... Qe6 $11 40. Bxg7 ({Avoid the trap} 40. Nxb6 $2 Re3 41. Qf2 (41. Rd8+ $2 Kh7 $19) 41... Rxh3+ 42. Kg1 Rxc3 $19) 40... Kxg7 41. Qc3+ Kg6 42. Nxb6 (42. Kg1 $11) 42... Re3 $17 {[%emt 0:01:47][%mdl 64] Skewer} 43. Qd4 {[%emt 0:01:12] [#]} (43. Rd6 $17 Rxh3+ 44. Qxh3 Qxd6 45. Qe3) 43... Rxh3+ ({Stronger than} 43... Rxb3 44. Nd5 $11) (43... Bxg2+ $1 $19 44. Kxg2 Rxb3) 44. Kg1 Rg3 45. Nd5 Rxb3 $40 {[%emt 0:02:30][%mdl 128] Black attacks with force.} 46. Qa7 $2 (46. Qf2 $17) 46... Bxd5 $19 ({Not} 46... Bxa4 47. Qxa5 Bd7 48. Qa1 $11) 47. cxd5 $2 (47. Qc5) 47... Qb6+ $2 ({Black should try} 47... Qe2 $19 48. Rf1 Rb2) 48. Qxb6+ $11 Rxb6 {[%emt 0:00:05][%mdl 4096] Endgame KR-KR} 49. d6 {[%emt 0:00:17] Threatening mate with d7.} Rb8 50. Rd5 Rd8 51. Kf2 Kf6 52. Rxa5 (52. g3 $15) 52... Rxd6 $17 {[%emt 0:00:16] Threatens to win with ...Rd2+.} 53. Ra8 $2 (53. g3 $17 {was the only chance.}) 53... Rd2+ $19 54. Kf1 $2 (54. Kf3) 54... Ke5 55. a5 Kf4 56. a6 Kg3 {[%emt 0:00:21] ( -> ...Ra2)} 57. Rf8 Rf2+ {[%emt 0:00:24] Black mates.} 58. Ke1 Ra2 59. Rf6 Kxg2 60. Rxh6 Kg3 61. Rb6 f4 {[%emt 0:00:12] Weighted Error Value: White=0.52/Black=0.30} 0-1

[Event "Marcel Invitational Chess-ch 2022"]
[Site "Dhaka"]
[Date "2022.04.27"]
[Round "9.4"]
[White "Rahman, Syed Mahfuzur"]
[Black "Abdul, Momin"]
[Result "1-0"]
[ECO "D55"]
[WhiteElo "2099"]
[BlackElo "1916"]
[Annotator "TA"]
[PlyCount "75"]
[EventDate "2022.04.18"]
[EventCountry "BAN"]
[SourceTitle "playchess.com"]
[Source "ChessBase"]
[SourceQuality "1"]
[TimeControl "5400+30"]

1. d4 d5 2. c4 e6 3. Nc3 Nf6 4. Bg5 Be7 5. e3 b6 6. cxd5 exd5 7. Nf3 O-O 8. Bd3 Nbd7 {[%emt 0:02:39] is the legacy move (8...Bb7).} 9. Ne5 (9. O-O $14) 9... Bb7 {[%emt 0:01:38] D55: Queen's Gambit Declined: 4 Bg5 Be7: Lines without ...h6 and 6...h6 7 Bxf6.} 10. Qa4 Nxe5 11. dxe5 {[%emt 0:00:02] [#]} Nd7 $146 (11... Ne4 $11 12. Bxe7 Qxe7) ({Predecessor:} 11... Ne4 12. Bxe7 Qxe7 13. Nxd5 Bxd5 14. Bxe4 Rfd8 15. Bxd5 Rxd5 16. O-O Qxe5 17. Rad1 Ra5 {0-1 (84) Majer,D (2295)-Meijers,V (2410) Baunatal 1998}) 12. Qh4 $1 $18 {[%emt 0:00:27][%csl Gd3,LRe7,LRh7][%cal Rh4h7] [#]} f5 13. Bxe7 Qe8 14. Bxf8 Nxe5 15. Bxf5 g6 {[%emt 0:00:34] [#]} 16. Qf6 $1 Qxf8 17. Be6+ Nf7 18. Nxd5 {[%emt 0:01:36] White threatens Ne7+ and mate.} Bxd5 19. Bxd5 Qb4+ 20. Qc3 Qxc3+ 21. bxc3 Rd8 22. O-O-O {[%emt 0:00:22] Black must now prevent Bxf7+.} Rf8 23. Rd4 g5 24. h4 Kg7 25. Bxf7 Rxf7 26. f3 c5 27. Rg4 h6 28. hxg5 {[%emt 0:00:02] White mates.} hxg5 29. Rxg5+ Kf6 30. f4 Ke6 31. Rh6+ Kd7 32. Rhg6 Rf8 33. Rg8 Rf6 34. R5g7+ Ke6 35. Rg6 Rxg6 36. Rxg6+ Kf5 37. Rg5+ Ke4 38. Kd2 {[%emt 0:00:03] Black got outplayed after the opening.  Weighted Error Value: White=0.28 (precise) /Black=1.45} 1-0